 Dungeon Crawl Stone Soup version 0.25-a0-67-g7dccc1bee0 (webtiles) character file.

Game seed: 534526843777070364, levelgen mode: deterministic

147896 Amnesiac the Nimble (level 17, -1/85 HPs)
             Began as a Vine Stalker Earth Elementalist on Nov 1, 2019.
             Was the Champion of Ashenzari.
             Slain by a purple ugly thing (12 damage)
             ... on level 3 of the Swamp.
             The game lasted 01:47:35 (27547 turns).

Amnesiac the Nimble (VSEE)                         Turns: 27547, Time: 01:47:35

Health: -1/85      AC: 19    Str: 17    XL:     17   Next: 47%
Magic:  0/50       EV: 24    Int: 15    God:    Ashenzari [******]
Gold:   1976       SH:  6    Dex: 19    Spells: 4/37 levels left

rFire    + . .     SeeInvis +   a - +1 dagger (elec)
rCold    . . .     Gourm    .   N - +0 buckler
rNeg     . . .     Faith    .   c - +2 ring mail {rF+}
rPois    +         Spirit   +   l - +2 helmet (curse)
rElec    .         Reflect  .   A - +2 cloak {rPois} (curse)
rCorr    .         Harm     .   s - +2 pair of gloves {Dex+3} (curse)
MR       ++...     Clarity  +   G - +2 pair of boots
Stlth    +++++.....             p - amulet of magic regeneration (curse)
HPRegen  1.04/turn              g - ring of magical power (curse)
MPRegen  0.57/turn              D - ring of magical power

@: no status effects
A: fangs 3, regeneration 2, magic shield, antimagic bite, no potion heal 3, rot
immunity
a: Curse Item, Scrying, Transfer Knowledge, Renounce Religion


You were on level 3 of the Swamp.
You worshipped Ashenzari.
Ashenzari was exalted by your worship.
You were hungry.

You visited 4 branches of the dungeon, and saw 26 of its levels.
You also visited: Sewer, Bailey and Gauntlet.

You collected 3677 gold pieces.
You spent 1701 gold pieces at shops.

Inventory:

Hand Weapons
 a - a +1 dagger of electrocution (weapon)
Missiles
 w - 12 throwing nets (quivered)
Armour
 c - a +2 ring mail of fire resistance (worn)
 k - the +2 ring mail of the Garden {rC+++ MR+++ Int-5 Slay-3}
   (You found it on level 3 of the Lair of Beasts)

   It affects your intelligence (-5).
   It affects your accuracy and damage with ranged weapons and melee attacks
   (-3).
   It renders you almost immune to cold.
   It affects your resistance to hostile enchantments.
 l - a cursed +2 helmet (worn)
 s - a cursed +2 pair of gloves of dexterity (worn)
 A - a cursed +2 cloak of poison resistance (worn)
 G - a +2 pair of boots (worn)
 N - a +0 buckler (worn)
 X - the +1 leather armour of the Lobster {rElec rF- Int+5}
   (You found it on level 13 of the Dungeon)

   It affects your intelligence (+5).
   It makes you vulnerable to fire.
   It insulates you from electricity.
Jewellery
 e - an uncursed ring of wizardry
 f - an uncursed ring of protection from magic
 g - a cursed ring of magical power (left hand)
 o - the amulet of Obemas {Gourm rF+ Str+4}
   (You found it in a Gauntlet)

   [amulet of the gourmand]

   It allows you to eat raw meat even when not hungry.
   It affects your strength (+4).
   It protects you from fire.
 p - a cursed amulet of magic regeneration (around neck)
 x - an uncursed ring of resist corrosion
 D - a ring of magical power (right hand)
 F - the ring "Wianargh" {rF+ rN+}
   (You found it on level 1 of the Lair of Beasts)

   [ring of positive energy]

   It protects you from fire.
   It protects you from negative energy.
 M - an uncursed ring of ice
 Q - the ring "Nynosm" {+Blink rN+ Str+5 Int-2}
   (You found it on level 1 of the Lair of Beasts)

   [ring of strength]

   It affects your strength (+5).
   It affects your intelligence (-2).
   It protects you from negative energy.
   It lets you blink.
Wands
 n - a wand of acid (11)
 t - a wand of iceblast (17)
 v - a wand of flame (36)
 y - a wand of paralysis (15)
 z - a wand of clouds (7)
 H - a wand of polymorph (7)
 K - a wand of digging (19)
 P - a wand of random effects (58)
Scrolls
 h - 3 scrolls of fear {!r}
 i - 15 scrolls of teleportation {!r}
 B - 2 scrolls of vulnerability {!r}
 O - 8 scrolls of identify {!r}
 S - 2 scrolls of fog {!r}
 T - a scroll of summoning {!r}
 V - 8 scrolls of remove curse {!r}
 W - 2 scrolls of magic mapping {!r}
Potions
 q - 4 potions of agility {!q}
 r - 4 potions of might {!q}
 u - 3 potions of cancellation {!q}
 C - 8 potions of flight {!q}
 E - 10 potions of curing {!q}
 I - 3 potions of haste {!q}
 J - 5 potions of brilliance {!q}
 L - 3 potions of resistance {!q}
Miscellaneous
 b - a lamp of fire
 j - a phial of floods
 Y - a fan of gales
 Z - a sack of spiders
Comestibles
 d - 39 rations


   Skills:
 - Level 8.0 Fighting
 - Level 8.0 Short Blades
 - Level 14.0(16.6) Dodging
 - Level 12.0 Stealth
 - Level 4.1 Shields
 + Level 10.8 Spellcasting
 + Level 10.8(13.6) Hexes
 - Level 12.0(14.7) Transmutations
 - Level 12.0(14.7) Earth Magic
 - Level 4.0(6.8) Evocations


You had 4 spell levels left.
You knew the following spells:

 Your Spells              Type           Power        Failure   Level  Hunger
a - Confuse               Hex            #####...     1%          3    None
b - Passwall              Tmut/Erth      ######..     1%          2    None
c - Yara's Violent Unrav  Hex/Tmut       ######....   1%          5    #####..
d - Lee's Rapid Deconstr  Erth           ######....   1%          5    #####..
e - Petrify               Tmut/Erth      ######..     1%          4    ###....
f - Swiftness             Chrm/Air       #.......     22%         2    None
g - Invisibility          Hex            #####...     10%         6    ######.
v - Blink                 Tloc           N/A          22%         2    None
w - Tukima's Dance        Hex            #####...     1%          3    None
z - Confusing Touch       Hex            #####.       1%          1    None

Your spell library contained the following spells:

 Spells                   Type           Power        Failure   Level  Hunger
 Corona                   Hex            #####..      1%          1    None
 Sandblast                Erth           ######       1%          1    None
 Ensorcelled Hibernation  Hex/Ice        ####..       1%          2    None
 Dazzling Spray           Conj/Hex       ####..       2%          3    None
 Stone Arrow              Conj/Erth      ####..       2%          3    None
 Animate Skeleton         Necr           N/A          14%         1    None
 Pain                     Necr           #...         14%         1    None
 Shroud of Golubria       Chrm/Tloc      #.....       22%         2    None
 Gell's Gravitas          Tloc           #.........   38%         3    None
 Lesser Beckoning         Tloc           #.........   38%         3    None
 Regeneration             Chrm/Necr      #.........   38%         3    None
 Teleport Other           Tloc           #.......     38%         3    None
 Vampiric Draining        Necr           #.........   38%         3    None
 Animate Dead             Necr           N/A          80%         4    ###....
 Passage of Golubria      Tloc           N/A          80%         4    ###....
 Darkness                 Hex            #####.....   10%         6    ######.
 Metabolic Englaciation   Hex/Ice        ####......   26%         5    #####..


Dungeon Overview and Level Annotations

Branches:
Dungeon (15/15)            Temple (0/1) D:4            Lair (6/6) D:8
  Swamp (3/4) Lair:3        Snake (0/4) Lair:4        Slime (0/5) Lair:6
    Orc (2/2) D:11            Elf (0/3) Orc:2        Vaults (0/5) D:13
 Depths (0/5) D:15          Sewer (visited)          Bailey (visited)
Gauntlet (visited)

Altars:
Ashenzari
Elyvilon
Fedhas
Nemelex Xobeh
Okawaru
Qazlal
Trog
Wu Jian
Zin
Jiyva

Shops:
D:12 }   Orc:2 :[?!

Portals:
Pandemonium: Orc:2

Annotations:
D:5 2 transporters
Lair:5 exclusion: downstairs


Innate Abilities, Weirdness & Mutations

You have razor-sharp teeth.
You heal very quickly.
When hurt, damage is shared between your health and your magic reserves.
Your bite disrupts and absorbs the magic of your enemies.
Potions cannot restore your health.
You are immune to rotting.


Message History

The red ugly thing is engulfed in spectral mist.
The red ugly thing dies!
The spectral spriggan rider hits you but does no damage.
The purple ugly thing is engulfed in spectral mist.
Okay, then.
Okay, then.
Really read
h - 5 scrolls of fear {!r}?
As you read the scroll of fear {!r}, it crumbles to dust.
You assume a fearsome visage.
The insubstantial wisp is unaffected.
The spectral spriggan rider is unaffected.
The spectral tyrant leech is unaffected.
The ghost crab is unaffected.
The purple ugly thing looks frightened!
The red ugly thing looks frightened!
The purple ugly thing looks frightened!
The shambling mangrove is unaffected.
The spectral swamp dragon is unaffected.
The ghost crab stops moving altogether!
The spectral swamp dragon fades away!
The spectral tyrant leech closely misses you.
The insubstantial wisp blinks!
The spectral spriggan rider hits you but does no damage.
The red ugly thing basks in your mutagenic energy and changes!
The purple ugly thing is engulfed in spectral mist.
You hit the green ugly thing.
Your attack snaps the green ugly thing out of its fear.
You bite the green ugly thing, but do no damage.
The green ugly thing is lightly wounded.
The spectral tyrant leech closely misses you.
Really read
h - 4 scrolls of fear {!r}?
As you read the scroll of fear {!r}, it crumbles to dust.
You assume a fearsome visage.
The spectral spriggan rider is unaffected.
The spectral tyrant leech is unaffected.
The ghost crab is unaffected.
The green ugly thing looks frightened!
The shambling mangrove is unaffected.
The spectral spriggan rider hits you but does no damage.
The purple ugly thing is engulfed in spectral mist.
The spectral spriggan rider hits you but does no damage.
The spectral tyrant leech bites you but does no damage.
The spectral spriggan rider fades away!
The shambling mangrove is engulfed in spectral mist.
Roots burst forth from the earth!
The grasping roots grab you!
* * * LOW HITPOINT WARNING * * *
The grasping roots constrict you!
The helpless ghost crab fails to defend itself.
You spit the ghost crab like a pig!!!!
You destroy the ghost crab!
The spectral tyrant leech fades away!
The roots' grasp on you weakens, but your attempt to escape fails.
* * * LOW HITPOINT WARNING * * *
The grasping roots constrict you!
You escape the roots' grasp.
Okay, then.
Casting: Lee's Rapid Deconstruction (safe; 1% risk of failure)
Confirm with . or Enter, or press ? or * to list all spells.
You blink.
The purple ugly thing misses you.
Okay, then.
Really read
S - 3 scrolls of fog {!r}?
As you read the scroll of fog {!r}, it crumbles to dust.
The scroll dissolves into smoke.
The green ugly thing seems to regain its courage.
The purple ugly thing misses you.
Your magical contamination has completely faded away.
The purple ugly thing kicks you!
You die...

*** * ♣♣** ≈♣♣ ♣≈*, *
** ...≈ , , , * ♣♣♣♣♣{
.♣...§,,,, , , ♣♣.♣.♣♣
..,§.≈. **,, ,, ♣.≈...♣
.♣..♣.., ,, *
*♣≈..u♣♣.♣....., ,, ,
♣♣§.§§§@§..≈≈.., ,,,, *
♣♣.≈f§§u§§≈.≈≈.., , , ,
, ♣♣♣♣♣...≈.§§§...≈(.#
, ,**,
♣..............(...#,*,
* ,
♣.#.##.##.#..♣.♣§..#
,,,,
*♣........#.♣♣♣.≈≈≈. ,
* ♣#.......#.. ,.≈≈≈≈ *
♣♣♣♣....u.#..≈,..§≈.,,
,,, ,
♣≈..≈.....#..≈..≈≈≈. ≈
≈≈


You could see 2 ugly things.

Vanquished Creatures
  Jorgrun (D:15)
  Rupert (D:13)
  Frances (D:13)
  Gastronok (Lair:3)
  A thorn hunter (Swamp:3)
  A frost giant (D:15)
  A minotaur (shapeshifter) (D:13)
  A minotaur (Gauntlet)
  Snorg (D:14)
  The ghost of Haosty Heugg the Covert, a journeyman NaFi of Ashenzari (D:12)
  Josephine (D:10)
  A rakshasa (D:13)
  2 fire dragons
  Harold (D:8)
  2 vault guards (D:13)
  Fannar (D:10)
  9 hydras
  A ghost crab (Swamp:3)
  6 centaur warriors
  3 catoblepae
  5 alligators
  4 two-headed ogres
  3 tengu warriors
  4 death yaks (Lair:4)
  7 orc high priests (Orc:2)
  9 hell knights (D:11)
  A sun demon (Orc:2)
  A soul eater (Orc:2)
  A deep elf knight (D:13)
  A fire crab (D:13)
  7 unseen horrors
  2 infernal demonspawn (Orc:2)
  A spriggan druid (Swamp:1)
  An obsidian statue (D:13)
  A gelid demonspawn (Orc:2)
  5 swamp dragons
  5 wizards
  5 orc knights
  A wolf spider (Lair:6)
  A deep elf mage (D:14)
  10 ugly things
  3 cyclopes
  A manticore (D:13)
  An oklob plant (Lair:5)
  4 orc sorcerers (Orc:2)
  15 elephants
  3 centaur zombies
  2 guardian serpents
  12 black mambas
  2 rust devils
  An orange demon (Orc:2)
  2 molten gargoyles (Gauntlet)
  4 gargoyles
  23 spiny frogs
  3 rime drakes
  4 komodo dragons
  An ice devil (D:13)
  2 efreet (D:13)
  2 yaktaurs
  A kobold demonologist (D:14)
  A hellwing (D:13)
  3 demonic crawlers (D:14)
  3 tengu conjurers
  6 trolls
  A polar bear (D:14)
  A harpy skeleton (D:13)
  A queen bee (D:8)
  6 tyrant leeches
  7 hornets
  A queen bee (shapeshifter) (D:14)
  Grinder (D:3)
  9 hippogriffs
  7 slime creatures
  A meliai (D:13)
  5 bog bodies
  21 blink frogs
  5 shadows
  2 centaur simulacra (D:14)
  5 spriggans
  3 wraiths
  A ynoxinul (Orc:2)
  A redback (Lair:6)
  16 wyverns
  Eustachio (D:6)
  17 humans (D:13)
  31 yaks
  2 steam dragons (Lair:6)
  5 basilisks
  4 hungry ghosts
  7 vampire mosquitoes
  A neqoxec (D:13)
  A chaos spawn (D:13)
  6 insubstantial wisps (Swamp:1)
  6 swamp worms
  A warg (Orc:2)
  A soldier ant (shapeshifter) (D:15)
  4 acid dragons
  7 hell hounds (D:11)
  20 water moccasins
  8 porcupines
  4 swamp drakes
  Duvessa (D:4)
  31 orc warriors
  5 sky beasts
  3 black bears
  A necrophage (D:13)
  10 ice beasts
  A hornet zombie (D:15)
  An eye of draining (D:10)
  2 phantoms
  12 ogres
  10 wolves
  16 centaurs
  19 crocodiles
  16 bullfrogs
  3 big kobolds (D:11)
  Blork the orc (D:4)
  A gnoll sergeant (D:8)
  A wyvern zombie (D:12)
  Dowan (D:4)
  3 scorpions
  16 killer bees
  4 wights (D:11)
  5 electric eels
  5 howler monkeys
  11 crimson imps
  3 hounds
  3 quasits
  2 bullfrog zombies
  4 jellies
  23 orc priests
  2 bullfrog skeletons (D:6)
  An iron imp (D:13)
  23 orc wizards
  3 centaur skeletons
  Jessica (D:2)
  8 iguanas
  Natasha (thrice) (D:2)
  2 merfolk sirens (Sewer)
  10 worker ants
  A killer bee zombie (D:9)
  A merfolk avatar (Sewer)
  A hound zombie (D:5)
  A worker ant zombie (D:8)
  13 adders
  13 gnolls
  A howler monkey skeleton (D:5)
  4 river rats (Sewer)
  7 shadow imps
  7 white imps
  2 ufetubi (D:13)
  An adder skeleton (D:4)
  3 adder zombies
  2 worms (D:2)
  6 leopard geckos
  103 orcs
  8 giant cockroaches
  11 goblins
  13 hobgoblins
  12 jackals
  7 quokkas
  8 ball pythons
  7 bats
  7 frilled lizards
  A giant cockroach zombie (D:5)
  25 kobolds
  A quokka skeleton (D:4)
  33 rats
997 creatures vanquished.

Vanquished Creatures (others)
  An ugly thing (Swamp:3)
  A spiny frog (Swamp:1)
  A human (D:13)
  3 insubstantial wisps (Swamp:3)
  An acid dragon (D:13)
  5 briar patches (Swamp:3)
  A fire vortex (Lair:4)
  14 fungi
  22 plants
49 creatures vanquished.

Grand Total: 1046 creatures vanquished

Notes
Turn   | Place    | Note
-------+----------+-------------------------------------------
     0 | D:1      | Amnesiac the Vine Stalker Earth Elementalist began the
                  | quest for the Orb.
     0 | D:1      | Reached XP level 1. HP: 9/9 MP: 4/4
   121 | D:1      | Reached XP level 2. HP: 12/13 MP: 0/6
   564 | D:1      | Reached XP level 3. HP: 15/16 MP: 8/8
   633 | D:1      | Reached skill level 1 in Short Blades
   952 | D:2      | Learned a level 2 spell: Passwall
   975 | D:2      | Found a shattered altar of Ashenzari.
   983 | D:2      | Became a worshipper of Ashenzari the Shackled
  1136 | D:2      | Noticed Jessica
  1143 | D:2      | Killed Jessica
  1143 | D:2      | Gained mutation: Your natural rate of healing is unusually
                  | fast. [Vine Stalker growth]
  1143 | D:2      | Reached XP level 4. HP: 21/21 MP: 9/9
  1164 | D:2      | Noticed Natasha
  1184 | D:2      | Killed Natasha
  1296 | D:2      | Noticed Natasha
  1301 | D:2      | Killed Natasha
  1301 | D:2      | Reached XP level 5. HP: 20/24 MP: 10/10
  1590 | D:2      | Noticed Natasha
  1601 | D:2      | Killed Natasha
  1840 | D:3      | Noticed Grinder
  1883 | D:3      | Killed Grinder
  1883 | D:3      | Reached XP level 6. HP: 4/28 MP: 0/11
  2004 | D:3      | Reached * piety under Ashenzari
  2084 | D:3      | Found a faded altar of an unknown god.
  2366 | D:3      | Found a blossoming altar of Fedhas.
  2481 | D:4      | Noticed Blork the orc
  2495 | D:4      | Killed Blork the orc
  2495 | D:4      | Reached XP level 7. HP: 27/32 MP: 12/12
  2568 | D:4      | Learned a level 1 spell: Confusing Touch
  2571 | D:4      | Found a staircase to the Ecumenical Temple.
  2774 | D:4      | Reached skill level 5 in Stealth
  2785 | D:4      | Reached skill level 5 in Short Blades
  2797 | D:4      | Found a stormy altar of Qazlal.
  2980 | D:4      | Noticed Dowan
  2981 | D:4      | Noticed Duvessa
  3040 | D:4      | Killed Duvessa
  3047 | D:4      | Killed Dowan
  3136 | D:4      | Gained mutation: You have razor-sharp teeth. [Vine Stalker
                  | growth]
  3136 | D:4      | Reached XP level 8. HP: 17/36 MP: 11/13
  3423 | D:5      | Entered Level 5 of the Dungeon
  3535 | D:5      | Found a white marble altar of Elyvilon.
  3662 | D:5      | Learned a level 4 spell: Petrify
  3838 | D:5      | Noticed a centaur warrior
  3839 | D:5      | Found a white marble altar of Elyvilon.
  3839 | D:5      | Found a transporter.
  3839 | D:5      | Noticed a vampire
  4093 | D:5      | Reached XP level 9. HP: 39/39 MP: 14/14
  4307 | D:5      | Found a transporter.
  4531 | D:6      | Found an ornate altar of the Wu Jian Council.
  4680 | D:6      | Found a glowing drain.
  4681 | Sewer    | Entered a sewer
  4706 | Sewer    | Reached ** piety under Ashenzari
  5250 | D:6      | Found a glowing silver altar of Zin.
  5250 | D:6      | Noticed an angel
  5501 | D:6      | Noticed Eustachio
  5514 | D:6      | Killed Eustachio
  6046 | D:7      | Learned a level 2 spell: Blink
  6052 | D:7      | Learned a level 5 spell: Lee's Rapid Deconstruction
  6138 | D:8      | Noticed Harold
  6141 | D:8      | Killed Harold
  6141 | D:8      | Reached skill level 5 in Spellcasting
  6141 | D:8      | Reached skill level 5 in Transmutations
  6141 | D:8      | Reached skill level 5 in Earth Magic
  6141 | D:8      | Reached XP level 10. HP: 44/44 MP: 19/19
  6417 | D:8      | Found a staircase to the Lair.
  7608 | D:9      | Reached *** piety under Ashenzari
  7647 | D:9      | Found a glowing silver altar of Zin.
  7694 | D:9      | Found an iron altar of Okawaru.
  7722 | D:9      | Reached XP level 11. HP: 47/47 MP: 24/24
  7822 | D:9      | Noticed a two-headed ogre
  7831 | D:9      | Killed a two-headed ogre
  8334 | D:9      | Reached **** piety under Ashenzari
  8487 | D:10     | Entered Level 10 of the Dungeon
  8487 | D:10     | Noticed Josephine
  8532 | D:10     | Killed Josephine
  8648 | D:10     | Identified the +11 flail of False Accusations {flame, rC+}
  8662 | D:10     | Found a flagged portal.
  8681 | Bailey   | Entered a bailey
  8793 | Bailey   | Found a bloodstained altar of Trog.
  8793 | Bailey   | Noticed an orc knight
  8848 | Bailey   | Killed an orc knight
  9027 | D:10     | Noticed Fannar
  9801 | D:10     | Killed Fannar
  9965 | D:11     | Found a staircase to the Orcish Mines.
 10349 | D:11     | Gained mutation: You heal very quickly. [Vine Stalker
                  | growth]
 10349 | D:11     | Reached XP level 12. HP: 50/51 MP: 13/25
 10548 | D:11     | Noticed a two-headed ogre
 10572 | D:11     | Killed a two-headed ogre
 10572 | D:11     | Reached skill level 10 in Transmutations
 10572 | D:11     | Reached skill level 10 in Earth Magic
 11202 | D:11     | Noticed a hell knight
 11213 | D:11     | Killed a hell knight
 11231 | D:11     | Noticed a hell knight
 11234 | D:11     | Learned a level 3 spell: Confuse
 11265 | D:11     | Killed a hell knight
 11266 | D:11     | Noticed a hell knight
 11326 | D:11     | Noticed a hell knight
 11336 | D:11     | Killed a hell knight
 11416 | D:11     | Noticed a hell knight
 11425 | D:11     | Killed a hell knight
 11517 | D:11     | Killed a hell knight
 12073 | D:12     | Reached ***** piety under Ashenzari
 12103 | D:12     | Noticed a five-headed hydra
 12112 | D:12     | Killed a five-headed hydra
 12112 | D:12     | Reached XP level 13. HP: 55/55 MP: 26/26
 12269 | D:12     | Learned a level 3 spell: Tukima's Dance
 12295 | D:12     | Reached skill level 10 in Stealth
 12345 | D:12     | Found Jemel's Gadget Shop.
 12454 | D:12     | Identified the +0 flail "Nivaro" {freeze, rElec}
 12505 | D:12     | Found a runed translucent gate.
 12505 | D:12     | Found a runed translucent gate.
 12507 | D:12     | Found a runed translucent gate.
 12509 | D:12     | Noticed Haosty Heugg's ghost (journeyman NaFi)
 12659 | D:12     | Identified the cursed +1 hunting sling of the Bear {venom,
                  | *Drain +Inv rC++ rN+}
 13108 | D:13     | Learned a level 5 spell: Yara's Violent Unravelling
 13114 | D:13     | Noticed a rakshasa
 13126 | D:13     | Killed a rakshasa
 13157 | D:13     | Reached skill level 1 in Hexes
 13417 | D:13     | Noticed a minotaur
 13428 | D:13     | Killed a minotaur
 13428 | D:13     | Reached skill level 5 in Hexes
 13461 | D:13     | Noticed Rupert
 13482 | D:13     | Killed Rupert
 13621 | D:13     | Got the uncursed leather armour of the Lobster {rElec rF-
                  | Int+5}
 13645 | D:13     | Learned a level 2 spell: Swiftness
 13784 | D:12     | Killed Haosty Heugg's ghost
 13784 | D:12     | Reached XP level 14. HP: 39/59 MP: 27/27
 14102 | D:13     | Noticed Frances
 14105 | D:13     | Killed Frances
 14188 | D:13     | Reached skill level 10 in Hexes
 14227 | D:13     | Reached skill level 1 in Shields
 14406 | D:13     | Found a gate to the Vaults.
 14456 | D:13     | Reached skill level 1 in Fighting
 14456 | D:13     | Reached skill level 2 in Dodging
 14946 | D:14     | Identified the +1 leather armour of the Lobster {rElec rF-
                  | Int+5} (You found it on level 13 of the Dungeon)
 15003 | D:14     | Reached skill level 3 in Dodging
 15192 | D:14     | Noticed Snorg
 15200 | D:14     | Killed Snorg
 15361 | D:14     | Reached skill level 4 in Dodging
 15913 | D:15     | Entered Level 15 of the Dungeon
 15913 | D:15     | Found a gate leading to a gauntlet.
 15913 | D:15     | Noticed Jorgrun
 15919 | D:15     | Killed Jorgrun
 15919 | D:15     | Reached skill level 5 in Fighting
 15919 | D:15     | Reached skill level 5 in Dodging
 15919 | D:15     | Reached XP level 15. HP: 72/72 MP: 28/28
 15951 | Gauntlet | Entered a Gauntlet
 15951 | Gauntlet | Found a transporter.
 15951 | Gauntlet | Found a transporter.
 15963 | Gauntlet | Found a transporter.
 15974 | Gauntlet | Found a transporter.
 15989 | Gauntlet | Found a transporter.
 15991 | Gauntlet | Found a large runed translucent door.
 15992 | Gauntlet | Found a large runed translucent door.
 15993 | Gauntlet | Found a large runed translucent door.
 15993 | Gauntlet | Found a large runed translucent door.
 15993 | Gauntlet | Found a runed translucent door.
 15993 | Gauntlet | Found a runed translucent door.
 15994 | Gauntlet | Found a large runed translucent door.
 15995 | Gauntlet | Found a large runed translucent door.
 15996 | Gauntlet | Found a large runed translucent door.
 15996 | Gauntlet | Found a large runed translucent door.
 15997 | Gauntlet | Found a runed translucent gate.
 15997 | Gauntlet | Found a runed translucent gate.
 15999 | Gauntlet | Found a transporter.
 16007 | Gauntlet | Found a runed translucent gate.
 16008 | Gauntlet | Found a large runed translucent door.
 16008 | Gauntlet | Found a large runed translucent door.
 16009 | Gauntlet | Found a large runed translucent door.
 16010 | Gauntlet | Found a large runed translucent door.
 16014 | Gauntlet | Found a transporter.
 16020 | Gauntlet | Found a transporter.
 16034 | Gauntlet | Found a transporter.
 16036 | Gauntlet | Identified the amulet of Obemas {Gourm rF+ Str+4}
 16051 | Gauntlet | Found a transporter.
 16055 | Gauntlet | Found a transporter.
 16092 | Gauntlet | Found a transporter.
 16104 | Gauntlet | Found a large runed translucent door.
 16105 | Gauntlet | Found a large runed translucent door.
 16106 | Gauntlet | Found a large runed translucent door.
 16106 | Gauntlet | Found a large runed translucent door.
 16360 | Gauntlet | Identified the cursed +0 flail of the Modern Songs
                  | {protect, rElec Str+4}
 16645 | D:14     | Learned a level 6 spell: Invisibility
 17092 | D:15     | Found a staircase to the Depths.
 17092 | D:15     | Noticed a frost giant
 17094 | D:15     | Killed a frost giant
 17094 | D:15     | Reached skill level 6 in Dodging
 17094 | D:15     | Reached skill level 10 in Spellcasting
 17242 | D:15     | Reached ****** piety under Ashenzari
 17396 | Orc:1    | Entered Level 1 of the Orcish Mines
 17683 | Orc:2    | Entered Level 2 of the Orcish Mines
 17820 | Orc:1    | Found a bloodstained altar of Trog.
 18251 | Orc:2    | Found Fereov's Magic Scroll Shop.
 18253 | Orc:2    | Found Qopnedit's Distillery.
 18687 | Orc:2    | Paralysed by an orc sorcerer for 3 turns
 18746 | Orc:2    | Reached skill level 7 in Dodging
 18906 | Orc:2    | Found Izorch's Book Emporium.
 18906 | Orc:2    | Found a one-way gate leading to the halls of Pandemonium.
 18906 | Orc:2    | Found Ficoups's Antique Armour Shoppe.
 19098 | Orc:2    | Found a staircase to the Elven Halls.
 19169 | Orc:2    | Bought a potion of cancellation for 120 gold pieces
 19226 | Orc:2    | Bought a manual of Dodging for 1324 gold pieces
 19230 | Orc:2    | Bought a glowing helmet for 172 gold pieces
 19270 | Orc:2    | Bought a glowing robe for 85 gold pieces
 19520 | Lair:1   | Entered Level 1 of the Lair of Beasts
 19622 | Lair:1   | Reached skill level 8 in Dodging
 19683 | Lair:1   | Reached XP level 16. HP: 81/81 MP: 31/31
 19867 | Lair:1   | Found a sparkling altar of Nemelex Xobeh.
 19995 | Lair:1   | Identified the ring "Nynosm" {+Blink rN+ Str+5 Int-2}
 19995 | Lair:1   | Identified the ring "Wianargh" {rF+ rN+}
 20401 | Lair:2   | Reached skill level 9 in Dodging
 21094 | Lair:3   | Reached skill level 10 in Dodging
 21302 | Lair:3   | Got the uncursed ring mail of the Garden {rC+++ MR+++ Int-5
                  | Slay-3}
 21339 | Lair:3   | Noticed Gastronok
 21349 | Lair:3   | Killed Gastronok
 21367 | Lair:3   | Reached skill level 11 in Dodging
 21549 | Lair:3   | Identified the +2 ring mail of the Garden {rC+++ MR+++
                  | Int-5 Slay-3} (You found it on level 3 of the Lair of
                  | Beasts)
 22051 | Lair:3   | Found a staircase to the Swamp.
 22220 | Lair:4   | Found a staircase to the Snake Pit.
 22535 | Lair:4   | Reached skill level 12 in Dodging
 24169 | Lair:6   | Entered Level 6 of the Lair of Beasts
 24460 | Lair:6   | Reached skill level 13 in Dodging
 24525 | Lair:6   | Found a staircase to the Slime Pits.
 24525 | Lair:6   | Found a viscous altar of Jiyva.
 25156 | Lair:6   | Reached XP level 17. HP: 52/85 MP: 32/32
 25447 | Lair:6   | Reached skill level 14 in Dodging
 25521 | Lair:6   | Reached skill level 1 in Evocations
 25961 | Swamp:1  | Entered Level 1 of the Swamp
 27547 | Swamp:3  | Slain by a purple ugly thing

Levels and vault maps discovered:
D:1:      sevenhm_arrival_forest_fort_small_5, layout_rooms, bh_walls_and_bars
D:2:      layout_rooms, ashenzari_altar_1, minmay_between, uniq_natasha,
          uniq_jessica
D:3:      layout_loops_ring, lemuel_coloured_pillars_altar,
          chequers_ecumenical_altar_lobes, first_ration, uniq_grinder
D:4:      layout_gridville, minmay_temple_entry_butterflies, lemuel_tele_altar,
          uniq_duvessa, uniq_blork_the_orc
D:5:      minmay_diamond_boxcup, layout_loops_ring,
          gammafunk_temple_overflow_arena, basic_altar
D:6:      layout_basic, zin_angel, old_standard_altar, gup_sewer_entry_bowl,
          minmay_misc_feat_enclosed, uniq_eustachio
D:7:      layout_rooms
D:8:      layout_loops_ring, grunt_lair_entry_orc_guard_hut, david_nohive_1,
          uniq_harold
D:9:      layout_gridville, okawaru_metal_pillars_1_2, basic_altar
D:10:     layout_cave_pods, enter_bailey_3, uniq_fannar, uniq_josephine
D:11:     layout_roguey, hiddenorc2_lemuel, serial_rivers,
          chequers_serial_rivers_small_3, chequers_serial_rivers_micro_e,
          chequers_serial_rivers_micro_c, chequers_serial_rivers_micro_e,
          chequers_serial_rivers_small_b, chequers_serial_rivers_small_3,
          minmay_rotating_lava
D:12:     layout_gridville, serial_shops, nicolae_shop_crystal,
          ebering_ghost_rock_garden
D:13:     minmay_the_grid_four_pointed_star_mashed
          [minmay_the_grid_triangle_9x9_alien,
          minmay_the_grid_triangle_9x9_limited_checkers,
          minmay_the_grid_triangle_9x9_pentomino_pain,
          minmay_the_grid_triangle_9x9_warning,
          minmay_the_grid_prize_trominoes], layout_cave_pools,
          grunt_vaults_entry_tiered, hangedman_devilish_allure, uniq_rupert,
          uniq_frances
D:14:     layout_roguey, serial_park_tiny_1, serial_ice, serial_ice_i,
          serial_ice_e, serial_ice_h, serial_ice_o, serial_ice_n, serial_ice_g,
          serial_ice_a, serial_ice_d, einodemon_crawler_minivault, uniq_snorg
D:15:     grunt_enter_depths_snipers, layout_gridville, gauntlet_entry_generic,
          uniq_jorgrun
Lair:1:   dragon1_lemuel, layout_regular_city, basic_altar
Lair:2:   layout_long_grid, st_stairs_11
Lair:3:   layout_roguey, minmay_swamp_entry_worms,
          cheibrodos_lair_caveside_slide, beast_lair_carwin_5,
          grunt_megastairs_4, uniq_gastronok
Lair:4:   layout_gridlike, minmay_snake_entry_spellcaster, serial_bayou,
          serial_bayou_lagoon_a, serial_bayou_pond_a, serial_bayou_ford_a,
          serial_bayou_pond_e, serial_bayou_lagoon_b, serial_bayou_shore_a
Lair:5:   layout_regular_city, chequers_serial_rivers_micro_a
Lair:6:   guppyfry_lair_end_dragon, layout_regular_city,
          hangedman_lair_tendril_chambers, slime_altar_1, serial_bayou_pond_b,
          grunt_megastairs_2
Swamp:1:  layout_falls_marsh, evilmike_swamp_ruin_house_3
Swamp:2:  layout_falls_marsh, nicolae_swamp_fairy_circle
Swamp:3:  layout_basic_swamp, serial_swamp_ruin, evilmike_swamp_ruin_rubble_1,
          evilmike_swamp_ruin_house_2, evilmike_swamp_ruin_rubble_2,
          infiniplex_staircase_pool, uniq_nikola, uniq_kirke
Orc:1:    layout_caves, trog_hazing_becter
Orc:2:    pf_orc_diabolical, layout_caves

Skill      XL: |  1  2  3  4  5  6  7  8  9 10 11 12 13 14 15 16 17 |
---------------+----------------------------------------------------+-----
Stealth        | 3 4 6 7 9 12 | 12.0
Spellcasting   | 3 5 8 10 | 10.8
Short Blades   | 2 3 4 5 7 8 |  8.0
Transmutations | 2 3 5 6 9 11 12 | 12.0
Earth Magic    | 5 6 9 11 12 | 12.0
Hexes          | 8 10 | 10.8
Shields        | 4 |  4.1
Fighting       | 5 8 |  8.0
Dodging        | 5 8 13 14 | 14.0
Evocations     | 4 |  4.0

Action                   |  1- 3 |  4- 6 |  7- 9 | 10-12 | 13-15 | 16-18 || total
-------------------------+-------+-------+-------+-------+-------+-------++-------
Melee: Unarmed           |    89 |       |       |       |       |       ||    89
       Bite              |    26 |     9 |   185 |   227 |   470 |   476 ||  1393
       Dagger            |    17 |    50 |   631 |   784 |  1174 |  1089 ||  3745
Throw: Stone             |    34 |       |       |       |       |       ||    34
       Dart              |     5 |       |     8 |    73 |       |       ||    86
       Throwing net      |       |       |       |       |     1 |       ||     1
 Cast: Sandblast         |     9 |    25 |    19 |    21 |       |       ||    74
       Passwall          |       |     8 |    31 |    34 |    28 |    26 ||   127
       Confusing Touch   |       |       |     6 |     6 |    82 |    24 ||   118
       Petrify           |       |       |       |    59 |   145 |   113 ||   317
       Lee's Rapid Decon |       |       |       |    16 |    66 |    24 ||   106
       Confuse           |       |       |       |    57 |    10 |       ||    67
       Blink             |       |       |       |    10 |    10 |    11 ||    31
       Invisibility      |       |       |       |       |       |     1 ||     1
Invok: Curse Item        |       |       |     2 |     2 |       |     3 ||     7
Evoke: Wand              |       |       |       |       |       |     2 ||     2
  Use: Scroll            |     1 |     4 |     4 |     5 |    15 |     3 ||    32
       Potion            |       |     5 |       |     2 |     4 |       ||    11
 Stab: Sleeping          |     3 |    11 |    37 |    29 |    37 |    36 ||   153
       Confused          |       |       |     3 |     5 |    77 |    12 ||    97
       Distracted        |       |       |     2 |     5 |       |     1 ||     8
       Petrified         |       |       |       |    34 |    68 |    39 ||   141
       Petrifying        |       |       |       |    12 |    54 |    43 ||   109
       Invisible         |       |       |       |       |     5 |     8 ||    13
  Eat: Chunk             |     1 |     5 |    14 |    30 |    56 |    43 ||   149
       Ration            |       |       |       |     2 |     2 |       ||     4
Armor: Robe              |    24 |     4 |    58 |       |       |       ||    86
       Leather armour    |       |       |    76 |    18 |       |       ||    94
       Ring mail         |       |       |       |   207 |   273 |   208 ||   688
Dodge: Dodged            |    85 |    19 |   220 |   362 |   494 |   605 ||  1785
Block: Buckler           |       |       |       |       |   130 |   189 ||   319

Table legend:
 A = Non-vault XP
 B = Vault XP
 C = Vault XP percentage of total XP
 D = Non-vault monster count
 E = Vault monster count
 F = Vault count percentage of total count
                 A         B        C        D         E       F
            +---------+---------+-------+---------+---------+-------
      Total |  113171 |   98109 |  46.4 |     607 |     393 |  39.3
            +---------+---------+-------+---------+---------+-------
        D:1 |      46 |       0 |   0.0 |      28 |       0 |   0.0
        D:2 |      96 |      89 |  48.1 |      11 |      10 |  47.6
        D:3 |      25 |     277 |  91.7 |       9 |       1 |  10.0
        D:4 |     487 |     309 |  38.8 |      21 |       3 |  12.5
        D:5 |    1144 |     189 |  14.2 |      29 |       8 |  21.6
        D:6 |    1029 |     200 |  16.3 |      28 |       3 |   9.7
        D:7 |     438 |       0 |   0.0 |      10 |       0 |   0.0
        D:8 |    1713 |    2705 |  61.2 |      34 |      18 |  34.6
        D:9 |    2705 |     198 |   6.8 |      23 |       1 |   4.2
       D:10 |    1609 |    2511 |  60.9 |      18 |       8 |  30.8
       D:11 |    5035 |    8732 |  63.4 |      51 |      48 |  48.5
       D:12 |    8466 |    1161 |  12.1 |      45 |       1 |   2.2
       D:13 |    7367 |   23900 |  76.4 |      25 |      57 |  69.5
       D:14 |   12341 |    4485 |  26.7 |      39 |      21 |  35.0
       D:15 |    7910 |    6138 |  43.7 |      18 |       4 |  18.2
     Lair:1 |    3134 |    1002 |  24.2 |      12 |       1 |   7.7
     Lair:2 |    5195 |     460 |   8.1 |      23 |       2 |   8.0
     Lair:3 |    6196 |    4927 |  44.3 |      23 |      13 |  36.1
     Lair:4 |    7721 |     470 |   5.7 |      18 |       1 |   5.3
     Lair:5 |    3453 |       0 |   0.0 |      13 |       0 |   0.0
     Lair:6 |   14196 |   16009 |  53.0 |      41 |      56 |  57.7
    Swamp:1 |    9610 |       0 |   0.0 |      27 |       0 |   0.0
    Swamp:2 |    9432 |       0 |   0.0 |      20 |       0 |   0.0
    Swamp:3 |    2043 |       0 |   0.0 |       4 |       0 |   0.0
      Orc:1 |     523 |     274 |  34.4 |      13 |       8 |  38.1
      Orc:2 |    1257 |   17830 |  93.4 |      24 |      59 |  71.1
      Sewer |       0 |     217 | 100.0 |       0 |      42 | 100.0
     Bailey |       0 |     908 | 100.0 |       0 |      16 | 100.0
   Gauntlet |       0 |    5118 | 100.0 |       0 |      12 | 100.0
            +---------+---------+-------+---------+---------+-------
